 Seeded DCSS version 0.27-a0-1291-geefcff550b (webtiles) character file.

Game seed: 4303278513014279070 (custom seed)

78 bronco the Digger (level 4, -2/24 HPs)
             Began as a Gargoyle Earth Elementalist on June 15, 2021.
             Killed from afar by Sigmund (7 damage)
             ... with a puff of flame
             ... on level 2 of the Dungeon.
             The game lasted 00:05:04 (1710 turns).

bronco the Digger (Gargoyle Earth Elementalist)     Turns: 1710, Time: 00:05:05

Health: -2/24      AC:  5    Str: 12    XL:     4   Next: 36%
Magic:  4/8        EV: 12    Int: 16    God:
Gold:   70         SH:  0    Dex: 10    Spells: 2/8 levels left

rFire    . . .     SeeInvis .   a - staff of earth
rCold    . . .     Faith    .   (no shield)
rNeg     + . .     Spirit   .   b - +0 robe
rPois    ∞         Reflect  .   (no helmet)
rElec    +         Harm     .   (no cloak)
rCorr    .         Rampage  .   (no gloves)
Will     .....                  (no boots)
Stlth    ++........             (no amulet)
HPRegen  0.08/turn              (no ring)
MPRegen  0.11/turn              (no ring)

@: attractive, flying
A: sickness immunity, AC +3, negative energy resistance 1, electricity
resistance, torment resistance 1, petrification resistance
a: no special abilities


You were on level 2 of the Dungeon.
You visited 1 branch of the dungeon, and saw 2 of its levels.

You collected 70 gold pieces.

Inventory:

Hand Weapons
 h - a +1 whip of electrocution
 k - a +2 whip of venom
Missiles
 c - 49 stones
 l - a throwing net
Armour
 b - a +0 robe (worn)
 g - a +0 leather armour
Magical Staves
 a - a staff of earth (weapon)
Scrolls
 d - a scroll of identify {unknown}
 i - a scroll of enchant weapon {unknown}
 j - a scroll of fear {unknown}


   Skills:
 + Level 0.1 Staves
 + Level 1.8 Dodging
 + Level 2.7 Stealth
 + Level 2.9 Spellcasting
 + Level 0.7 Transmutations
 + Level 4.8 Earth Magic


You had 2 spell levels left.
You knew the following spells:

 Your Spells              Type           Power      Damage    Failure   Level
a - Sandblast             Erth           52%        2d12      2%          1
b - Passwall              Tmut/Erth      13%        N/A       9%          2
c - Stone Arrow           Conj/Erth      30%        3d8       22%         3

Your spell library contained the following spells:

 Spells                   Type           Power      Damage    Failure   Level
 Animate Skeleton         Necr           4%         N/A       19%         1
 Apportation              Tloc           4%         N/A       19%         1
 Corona                   Hex            2%         N/A       19%         1
 Summon Small Mammal      Summ           8%         N/A       19%         1
 Petrify                  Tmut/Erth      16%        N/A       52%         4
 Lee's Rapid Deconstruct  Erth           13%        3d10*     58%         5


Dungeon Overview and Level Annotations

Branches:
Dungeon (2/15)

Altars:

Annotations:
D:2 Natasha, Sigmund


Innate Abilities, Weirdness & Mutations

You are immune to sickness and miasma.
Your stone body is resilient. (AC +3)
You are immune to poison.
You resist negative energy. (rN+)
You are resistant to electric shocks. (rElec)
You are resistant to unholy torment.
You are immune to petrification.


Message History

You feel very buoyant.
You fly up into the air.
It was a potion of attraction.
You feel attractive to monsters.
Casting: Sandblast (safe; 2% risk of failure)
Confirm with . or Enter, or press ? or * to list all spells.
The spell is extremely dangerous to cast (22% risk of failure)!
Continue anyway?
Aiming: Stone Arrow (extremely dangerous; 22% risk of failure)
Press: ? - help, Shift-Dir - straight line, f - Sigmund
Aim: Sigmund, wielding a +0 scythe and wearing a +2 robe of willpower (64% to hit)
You feel a surge of power!
The stone arrow hits Sigmund!
Sigmund is heavily wounded.
Sigmund points at you and mumbles some strange words.
You are confused.
You're too confused to cast spells.
You're too confused to cast spells.
Unknown command.
It was a potion of heal wounds.
You feel much better. Sigmund misses you.
You aren't carrying any potions.
You are too confused!
Sigmund gestures at you while chanting. You resist with some effort.
Sigmund is pulled toward you! Sigmund closely misses you.
Sigmund hits you with a +0 scythe!
You're too confused to move!
Sigmund barely misses you.
You feel less confused. Sigmund hits you with a +0 scythe!
* * * LOW HITPOINT WARNING * * *
Casting: Stone Arrow (extremely dangerous; 22% risk of failure)
Confirm with . or Enter, or press ? or * to list all spells.
Okay, then.
You are too injured to fight recklessly!
Aiming: Sandblast (safe; 2% risk of failure)
Press: ? - help, Q - select action, (/) - cycle Shift-Dir - straight line, f/p - Sigmund
Aim: Sigmund, wielding a +0 scythe and wearing a +2 robe of willpower (heavily wounded, 78% to hit)
You feel a surge of power!
The blast of sand hits Sigmund!
Sigmund is severely wounded.
Sigmund points at you and mumbles some strange words.
The puff of flame hits you!
You die...

### ################.#
.(@..............#
#########..#####.#
.<......@.....#.#
.######.@..##.#.#########
#....##.#..........
###...<##.###########
..#....##............
#.#....##..########## #.
#.#....##..#.# #.
#.#....##..#.### ## #.
#......##..#...######
...##.######..#...##............


You could see Sigmund.

Vanquished Creatures
  Natasha (D:2)
  An ufetubus (D:2)
  4 dart slugs
  3 endoplasms
  A giant cockroach (D:1)
  A goblin (D:2)
  3 hobgoblins
  3 jackals (D:1)
  10 kobolds
  A quokka (D:2)
  2 bats
  2 frilled lizards (D:1)
  5 rats (D:1)
37 creatures vanquished.

Vanquished Creatures (others)
  5 plants (D:1)
5 creatures vanquished.

Grand Total: 42 creatures vanquished

Notes
Turn   | Place    | Note
-------+----------+-------------------------------------------
     0 | D:1      | bronco the Gargoyle Earth Elementalist began the quest for
                  | the Orb.
     0 | D:1      | Reached XP level 1. HP: 10/10 MP: 3/3
     9 | D:1      | Identified a scroll of acquirement
     9 | D:1      | Acquired a staff of earth
   301 | D:1      | Reached skill level 4 in Earth Magic
   301 | D:1      | Reached XP level 2. HP: 15/15 MP: 1/5
   304 | D:1      | Learned a level 2 spell: Passwall
   914 | D:1      | Reached XP level 3. HP: 19/19 MP: 2/6
  1249 | D:2      | Learned a level 3 spell: Stone Arrow
  1368 | D:2      | Noticed Natasha
  1378 | D:2      | Killed Natasha
  1379 | D:2      | Reached XP level 4. HP: 10/24 MP: 2/8
  1455 | D:2      | Noticed Natasha
  1693 | D:2      | Noticed Sigmund
  1710 | D:2      | Killed from afar by Sigmund

Illustrated notes

Levels and vault maps discovered:
D:1:      scummos_arrival_hexagon, layout_loops_ring, lexackson_kobold_supper
D:2:      layout_basic, minmay_pentomino_t4, uniq_sigmund, uniq_natasha

Skill      XL: |  1 |
---------------+----+-----
Earth Magic    | 4 |  4.8
Staves         | |  0.1
Dodging        | |  1.8
Stealth        | |  2.7
Spellcasting   | |  2.9
Transmutations | |  0.7

Action                   |  1- 3 |  4- 6 || total
-------------------------+-------+-------++-------
Melee: Staff             |    30 |       ||    30
 Cast: Sandblast         |    46 |     6 ||    52
       Stone Arrow       |       |     1 ||     1
  Use: Scroll            |     1 |       ||     1
       Potion            |       |     3 ||     3
Armor: Robe              |    20 |       ||    20
Dodge: Dodged            |    25 |     3 ||    28

Table legend: (Time is in decaauts)
 A = Elapsed time spent in this place.
 B = Non-inter-level travel time spent in this place.
 C = Inter-level travel time spent in this place.
 D = Time resting spent in this place.
 E = Time spent auto-exploring this place.
 F = Levels seen in this place.
 G = Mean time per level.
                   A        B        C        D        E       F      G
               +--------+--------+--------+--------+--------+-----+--------+
         Total |   1715 |   1713 |      2 |     99 |   1343 |   2 |  857.5 |
       Dungeon |   1715 |   1713 |      2 |     99 |   1343 |   2 |  857.5 |
               +--------+--------+--------+--------+--------+-----+--------+

Top non-repeatable levels by time:
     D:1: 1168 daAuts
     D:2: 546 daAuts
